 Dungeon Crawl Stone Soup version 0.20.1-1-g8b1a95d (console) character file.

159 hilaritas the Ruffian (level 5, -7/53 HPs)
             Began as a Troll Fighter on Feb 17, 2018.
             Mangled by a wyvern (16 damage)
             ... on level 4 of the Dungeon.
             The game lasted 00:06:16 (2020 turns).

hilaritas the Ruffian (Troll Fighter)               Turns: 2020, Time: 00:06:17

Health: -7/53      AC:  5    Str: 29    XL:     5   Next: 17%
Magic:  4/4        EV:  8    Int:  5    God:
Gold:   175        SH: 10    Dex:  9    Spells: 4/4 levels left

rFire    . . .     SeeInvis .     - Unarmed
rCold    . . .     Gourm    +   b - +1 shield
rNeg     . . .     Faith    .   a - +0 robe
rPois    .         Spirit   .   (helmet restricted)
rElec    .         Reflect  .   (no cloak)
rCorr    .         Harm     .   (gloves unavailable)
MR       .....                  (boots unavailable)
Stlth    +.........             (no amulet)
Regen    0.6/turn               (no ring)
MPRegen  0.1/turn               (no ring)

@: mighty
A: unfitting armour, claws 3, fast metabolism 3, gourmand, regeneration 1,
shaggy fur 1, tough skin 2
a: no special abilities


You were on level 4 of the Dungeon.
You were very full.

You visited 1 branch of the dungeon, and saw 4 of its levels.

You collected 175 gold pieces.

Inventory:

Missiles
 q - 7 tomahawks (quivered)
Armour
 a - a +0 robe (worn)
 b - a +1 shield (worn)
Jewellery
 e - an uncursed ring of ice
 k - an uncursed ring of wizardry
 o - an uncursed ring of flight
Scrolls
 i - a scroll of enchant weapon
 p - a scroll of remove curse
Potions
 f - a potion of ambrosia
 g - a potion of heal wounds
 h - a potion of lignification {unknown}
 j - 3 potions of curing
 l - a potion of berserk rage {unknown}
 m - 3 potions of flight
 n - a potion of cancellation {unknown}
 r - a potion of magic {unknown}
Comestibles
 d - 7 bread rations
 s - a chunk of flesh
 t - 2 royal jellies


   Skills:
 * Level 3.0 Fighting
 - Level 2.4 Dodging
 + Level 3.0 Shields
 * Level 4.4 Unarmed Combat


You had 4 spell levels left.
You didn't know any spells.

Dungeon Overview and Level Annotations

Branches:
Dungeon (4/15)
 Temple: D:4-7

Altars:
Qazlal


Innate Abilities, Weirdness & Mutations

You are too large for most types of armour.
You have claws for hands.
Your metabolism is lightning-fast.
You like to eat raw meat.
Your natural rate of healing is unusually fast.
You are covered in fur. (AC +1)
You have very tough skin. (AC +2)


Message History

a mace; a club; an orc corpse x2
Butcher an orc corpse? [(y)es/(c)hoosy/(n)o/(a)ll/(e)dible/(q)uit/?]
You butcher the orc corpse. x2
A wyvern comes into view.
Items here: %% )) รทรท The wyvern hisses angrily.
The wyvern bites you!!
You barely miss the wyvern. The wyvern bites you! x2
* * * LOW HITPOINT WARNING * * *
You feel much better. You block the wyvern's attack.
You feel very mighty all of a sudden. You block the wyvern's attack.
The wyvern bites you.
You claw the wyvern!
The wyvern is moderately wounded.
The wyvern bites you!!
* * * LOW HITPOINT WARNING * * *
You barely miss the wyvern.
The wyvern is moderately wounded.
The wyvern bites you!
You die...

..... .... ...
###.. ... #)# #)#
#)# #.........#.#
#.........#.#
###.........#@##
............l.#
#............#
#............#
######............#
#....###..........#
..................#
#....####.........#
#....# #.........#
#....# #........##
.....# ###......#


You could see a wyvern.

Vanquished Creatures
  A hound (D:4)
  4 adders
  An ooze (D:3)
  2 dart slugs (D:1)
  3 worms
  5 orcs (D:4)
  2 giant cockroaches
  6 goblins
  8 hobgoblins
  8 jackals
  9 kobolds
  2 quokkas (D:3)
  A ball python (D:1)
  8 bats
  3 frilled lizards (D:2)
  4 rats
67 creatures vanquished.

Notes
Turn   | Place    | Note
-------+----------+-------------------------------------------
     0 | D:1      | hilaritas the Troll Fighter began the quest for the Orb.
     0 | D:1      | Reached XP level 1. HP: 22/22 MP: 0/0
   201 | D:1      | Reached XP level 2. HP: 29/29 MP: 1/1
   878 | D:2      | Reached XP level 3. HP: 21/36 MP: 2/2
  1201 | D:2      | Reached skill level 3 in Unarmed Combat
  1428 | D:3      | Found a stormy altar of Qazlal.
  1532 | D:3      | Reached XP level 4. HP: 42/45 MP: 3/3
  1989 | D:4      | Reached skill level 4 in Unarmed Combat
  2005 | D:4      | Reached XP level 5. HP: 52/53 MP: 4/4
  2013 | D:4      | Noticed a wyvern
  2020 | D:4      | Mangled by a wyvern

Skill      XL: |  1  2  3  4 |
---------------+-------------+-----
Unarmed Combat | 3 4 |  4.4
Fighting       | 3 |  3.0
Shields        | 3 |  3.0
Dodging        | |  2.4

Action                   |  1- 3 |  4- 6 || total
-------------------------+-------+-------++-------
Melee: Unarmed           |   126 |    80 ||   206
  Use: Scroll            |     6 |     4 ||    10
       Potion            |       |     2 ||     2
 Stab: Sleeping          |     2 |       ||     2
  Eat: Chunk             |    19 |     3 ||    22
Armor: Robe              |    36 |    18 ||    54
Dodge: Dodged            |    49 |    32 ||    81
Block: Shield            |    48 |    35 ||    83
